 Dungeon Crawl Stone Soup version 0.30.1-11-g7821555f0a (webtiles) character file.

Game seed: 11689635417875737831

261 Sareth the Firebug (level 6, -2/32 HPs)
             Began as a Tengu Fire Elementalist on Nov 11, 2023.
             Was an Initiate of Cheibriados.
             Slain by an orc wizard
             ... wielding a +0 dagger
              (3 damage)
             ... on level 3 of the Dungeon.
             The game lasted 00:18:12 (2117 turns).

Sareth the Firebug (Tengu Fire Elementalist)        Turns: 2117, Time: 00:18:13

Health: -2/32      AC:  2    Str: 10    XL:     6   Next: 18%
Magic:  11/12      EV: 15    Int: 18    God:    Cheibriados [......]
Gold:   65         SH:  0    Dex: 15    Spells: 5/11 levels left

rFire   . . .        (no weapon)
rCold   . . .        (no shield)
rNeg    . . .        a - +0 robe
rPois   .            (helmet restricted)
rElec   .            (no cloak)
rCorr   .            (no gloves)
SInv    .            (boots unavailable)
Will    .....        (no amulet)
Stlth   +            (no ring)
HPRegen 0.25/turn    (no ring)
MPRegen 0.13/turn

%: no passive effects
@: confused, flying quickly and evasively, slow
A: beak, talons 3, nimble flight
a: Renounce Religion


You were on level 3 of the Dungeon.
You worshipped Cheibriados.
Cheibriados was noncommittal.
You visited 1 branch of the dungeon, and saw 3 of its levels.

You collected 65 gold pieces.

Inventory:

Hand Weapons
 f - a +0 sling
 i - a +0 whip
 j - a +0 scythe
Missiles
 d - 3 curare-tipped darts
Armour
 a - a +0 robe (worn)
 e - a +0 leather armour
 h - a +0 robe
 k - a +0 robe
 m - a +0 ring mail
 q - a +0 pair of boots
Wands
 l - a wand of quicksilver (11)
Potions
 b - a potion of lignification {unknown}
 c - 4 potions of heal wounds {unknown}
 g - a potion of berserk rage {unknown}
 n - a potion of brilliance {unknown}
 o - a potion of curing {unknown}
 p - a potion of invisibility {unknown}
 r - a potion of flight {unknown}


   Skills:
 + Level 2.8 Dodging
 + Level 2.4 Stealth
 + Level 3.3 Spellcasting
 + Level 3.0 Conjurations
 + Level 5.5 Fire Magic


You had 5 spell levels left.
You knew the following spells:

 Your Spells              Type           Power      Damage    Failure   Level
a - Foxfire               Conj/Fire      72%        2x1d7     2%          1
b - Scorch                Fire           46%        2d6       2%          2
c - Inner Flame           Hex/Fire       13%        N/A       16%         3

Your spell library contained the following spells:

 Spells                   Type           Power      Damage    Failure   Level
 Volatile Blastmotes      Fire/Tloc      26%        2d12      16%         3
 Flame Wave               Conj/Fire      18%        2d7       26%         4


Dungeon Overview and Level Annotations

Branches:
Dungeon (3/15)

Altars:
Cheibriados


Innate Abilities, Weirdness & Mutations

You have a beak for a mouth.
You have claws for feet.
Your magical nature lets you fly swiftly and evasively.


Message History

The ball python constricts you. The ball python bites you.
The ball python constricts you.
You closely miss the orc. Your peck misses the orc.
The ball python barely misses you. The ball python constricts you.
The orc wizard casts a spell at you. The magic dart hits you.
The orc closely misses you.
You escape the ball python's grasp.
The orc attacks as you move away! The orc hits you with a +0 hand axe.
* * * LOW HITPOINT WARNING * * *
The orc wizard points at you and mumbles some strange words.
You are more confused.
The orc throws a boomerang of dispersal.
The boomerang of dispersal misses you.
You hit the orc wizard. Your kick misses the orc wizard.
You punch the orc wizard.
The orc wizard is moderately wounded.
The ball python barely misses you. The ball python completely misses you.
The orc wizard hits you but does no damage.
The ball python attacks as you move away!
The ball python misses you. x2
The orc wizard attacks as you move away!
The orc wizard misses you.
The orc wizard points at you and mumbles some strange words.
The puff of flame misses you.
The ball python bites you but does no damage.
The ball python grabs you. The ball python constricts you.
* * * LOW HITPOINT WARNING * * *
The orc wizard gestures wildly while chanting.
The orc wizard flickers and vanishes!
The ball python closely misses you. The ball python constricts you.
You're too confused to cast spells.
You escape the ball python's grasp.
The hobgoblin barely misses you.
The ball python bites you but does no damage.
The ball python misses you. The hobgoblin hits you.
* * * LOW HITPOINT WARNING * * *
The orc hits you with a +0 hand axe.
* * * LOW HITPOINT WARNING * * *
Something hits you.
You die...

#.# ##### ...# ##.#
...+ . ##.#######
...##.# ..........
..?...# ##.#######
#######.)...# #....###
...........## ####...#
######..........
###.####.....g.......[.
#####
#....#....@{S.#......
....# ####.#..###o..#
..... ....# ###.#..#
#...# .... ....#
#...#.####...# ...
....# #.).†........# ..
....# #.#.#>.......# #
##### #.._.........#
#.#.#........#
#...#........#


You could see an orc, a hobgoblin and a ball python.

Vanquished Creatures
  Sigmund (D:2)
  3 gnolls (D:2)
  4 adders
  A worm (D:3)
  2 ball pythons
  2 bats (D:3)
  6 endoplasms
  2 giant cockroaches
  3 goblins
  3 hobgoblins
  4 jackals (D:3)
  5 kobolds
  A quokka (D:2)
  4 frilled lizards
  4 rats
45 creatures vanquished.

Vanquished Creatures (others)
  48 foxfires
48 creatures vanquished.

Grand Total: 93 creatures vanquished

Notes
Turn   | Place    | Note
-------+----------+-------------------------------------------
     0 | D:1      | Sareth the Tengu Fire Elementalist began the quest for the
                  | Orb.
     0 | D:1      | Reached XP level 1. HP: 10/10 MP: 4/4
   339 | D:1      | Reached XP level 2. HP: 6/15 MP: 4/6
   487 | D:1      | Found a faded altar of an unknown god.
   733 | D:2      | Noticed Sigmund
   737 | D:2      | Reached skill level 4 in Fire Magic
   745 | D:2      | Killed Sigmund
   746 | D:2      | Reached skill level 5 in Fire Magic
   746 | D:2      | Reached XP level 3. HP: 16/19 MP: 0/8
   746 | D:2      | Reached XP level 4. HP: 20/24 MP: 0/9
   746 | D:2      | Gained mutation: Your magical nature lets you fly swiftly
                  | and evasively. [Tengu growth]
   746 | D:2      | Reached XP level 5. HP: 23/28 MP: 0/10
   941 | D:2      | Learned a level 2 spell: Scorch
  1322 | D:2      | Reached XP level 6. HP: 27/32 MP: 0/11
  1336 | D:2      | Learned a level 3 spell: Inner Flame
  2033 | D:3      | Found a snail-covered altar of Cheibriados.
  2048 | D:3      | Became a worshipper of Cheibriados the Contemplative
  2117 | D:3      | HP: 1/32 [orc/+0 hand axe (5)]
  2117 | D:3      | Slain by an orc wizard

Illustrated notes

Levels and vault maps discovered:
D:1:      psy_arrival_fountain, layout_basic,
          hellmonk_ecumenical_altar_arch_garden
D:2:      layout_rooms, hex_large, uniq_sigmund
D:3:      layout_basic, lemuel_crystal_altar

Skill      XL: |  1  2  3  4  5 |
---------------+----------------+-----
Fire Magic     | 5 |  5.5
Conjurations   | 2 3 |  3.0
Spellcasting   | 3 |  3.3
Dodging        | |  2.8
Stealth        | |  2.4

Action                     |  1- 3 |  4- 6 || total
---------------------------+-------+-------++-------
  Melee: Unarmed           |    11 |     2 ||    13
         Kick              |     3 |       ||     3
         Punch             |       |     1 ||     1
   Cast: Foxfire           |    26 |     6 ||    32
         Scorch            |       |    46 ||    46
    Use: Potion            |     1 |       ||     1
 Armour: Robe              |     2 |    12 ||    14
  Dodge: Dodged            |    19 |    45 ||    64
